 Dungeon Crawl Stone Soup version 0.22-a0-848-ge9e22a0 (webtiles) character file.

113 sking99 the Poker (level 4, -3/35 HPs)
             Began as a Merfolk Skald on July 26, 2018.
             Was a Believer of Uskayaw.
             Killed from afar by an orc wizard (7 damage)
             ... with a magic dart
             ... on level 3 of the Dungeon.
             The game lasted 00:04:51 (2470 turns).

sking99 the Poker (Merfolk Skald)                   Turns: 2470, Time: 00:04:51

Health: -3/35      AC:  3    Str: 11    XL:     4   Next: 96%
Magic:  1/7        EV: 12    Int: 12    God:    Uskayaw [**....]
Gold:   86         SH:  0    Dex: 14    Spells: 2/7 levels left

rFire    . . .     SeeInvis .   a - +0 spear
rCold    . . .     Gourm    .   (no shield)
rNeg     . . .     Faith    .   b - +0 leather armour
rPois    .         Spirit   .   (no helmet)
rElec    .         Reflect  .   (no cloak)
rCorr    .         Harm     .   (no gloves)
MR       .....                  (no boots)
Stlth    +.........             (no amulet)
HPRegen  0.11/turn              (no ring)
MPRegen  0.10/turn              (no ring)

@: infused (expiring), singing
A: change form in water, swift swim, stealthy swim
a: Stomp, Line Pass, Renounce Religion


You were on level 3 of the Dungeon.
You worshipped Uskayaw.
Uskayaw was noncommittal.
You were hungry.

You visited 1 branch of the dungeon, and saw 3 of its levels.

You collected 86 gold pieces.

Inventory:

Hand Weapons
 a - a +0 spear (weapon)
Armour
 b - a +0 leather armour (worn)
Jewellery
 c - a +4 ring of strength {unknown}
 e - an uncursed amulet of the acrobat {unknown}
Scrolls
 f - 2 scrolls of teleportation
 g - a scroll of immolation
 i - a scroll of fog {unknown}
 k - a scroll of enchant armour {unknown}
Potions
 j - a potion of heal wounds
 l - 2 potions of flight
 m - 2 potions of brilliance
 n - 2 potions of haste
 o - a potion of lignification {unknown}
Comestibles
 d - 4 rations
 h - 6 chunks of flesh


   Skills:
 + Level 3.5 Fighting
 * Level 6.1 Polearms
 - Level 0.6 Armour
 - Level 2.6 Dodging
 - Level 2.0 Spellcasting
 - Level 3.2 Charms


You had 2 spell levels left.
You knew the following spells:

 Your Spells              Type           Power        Failure   Level  Hunger
a - Infusion              Chrm           #...         10%         1    ##.....
b - Song of Slaying       Chrm           #.......     14%         2    ###....
c - Shroud of Golubria    Chrm/Tloc      #.........   28%         2    ###....

Your spell library contained the following spells:

 Spells                   Type           Power        Failure   Level  Hunger
 Regeneration             Chrm/Necr      #.........   50%         3    ####...
 Spectral Weapon          Hex/Chrm       #.......     50%         3    ####...


Dungeon Overview and Level Annotations

Branches:
Dungeon (3/15)

Altars:
Cheibriados
Kikubaaqudgha
Trog
Uskayaw
The Shining One


Message History

The orc wizard is heavily wounded.
The orc wizard misses you.
You hit the orc wizard but do no damage.
The orc wizard is heavily wounded.
Your magical infusion is running out.
The orc wizard casts a spell at you. The puff of flame hits you!
* * * LOW HITPOINT WARNING * * *
You hit the orc wizard.
The orc wizard is severely wounded.
The orc wizard gestures wildly while chanting.
The orc wizard flickers and vanishes!
Deactivating autopickup; reactivate with Ctrl-A.
You hit something. Something hits you.
* * * LOW HITPOINT WARNING * * *
You miss something.
You hear some strange, mumbled words.
A magic dart appears from out of thin air!
The magic dart hits you!
You die...

##8...8## ###.......#
........###......##.#
......^........####.#
............#.## #.#
.#....#..###### #.#
#####.#### #.# ###
##.# #########..#
...ooo{@).##
###########


You could see 3 orcs.

Vanquished Creatures
  An orc wizard (D:3)
  3 adders (D:2)
  A leopard gecko (D:2)
  4 orcs (D:3)
  5 bats
  2 giant cockroaches
  7 hobgoblins
  5 jackals (D:3)
  2 quokkas
  3 frilled lizards
  9 goblins
  A kobold (D:3)
  7 rats
50 creatures vanquished.

Notes
Turn   | Place    | Note
-------+----------+-------------------------------------------
     0 | D:1      | sking99 the Merfolk Skald began the quest for the Orb.
     0 | D:1      | Reached XP level 1. HP: 16/16 MP: 3/3
   368 | D:1      | Reached XP level 2. HP: 22/23 MP: 5/5
   751 | D:2      | Reached skill level 4 in Polearms
   880 | D:2      | Learned a level 2 spell: Song of Slaying
   883 | D:2      | Learned a level 2 spell: Shroud of Golubria
   897 | D:2      | Reached XP level 3. HP: 26/28 MP: 1/6
   986 | D:2      | Found a hide-covered altar of Uskayaw.
  1000 | D:2      | Became a worshipper of Uskayaw the Reveler
  1043 | D:2      | Reached * piety under Uskayaw
  1194 | D:2      | Reached ** piety under Uskayaw
  1336 | D:2      | Reached skill level 5 in Polearms
  1763 | D:2      | Reached XP level 4. HP: 35/35 MP: 7/7
  1767 | D:2      | Found a bloodstained altar of Trog.
  1768 | D:2      | Found an ancient bone altar of Kikubaaqudgha.
  1768 | D:2      | Found a snail-covered altar of Cheibriados.
  2036 | D:3      | Reached *** piety under Uskayaw
  2039 | D:3      | Reached **** piety under Uskayaw
  2259 | D:3      | Reached skill level 6 in Polearms
  2424 | D:3      | Found a glowing golden altar of the Shining One.
  2470 | D:3      | Killed from afar by an orc wizard

Vault maps used:
D:1:      dpeg_arrival_shelter
D:2:      minitemple, eat_drink_and_be_merry_uskayaw
D:3:      nicolae_tso_carved_into_rock, okawaru_gym_becter

Skill      XL: |  1  2  3  4 |
---------------+-------------+-----
Polearms       | 4 5 6 |  6.1
Fighting       | 3 |  3.5
Armour         | |  0.6
Dodging        | |  2.6
Spellcasting   | |  2.0
Charms         | |  3.2

Action                   |  1- 3 |  4- 6 || total
-------------------------+-------+-------++-------
Melee: Spear             |   131 |    88 ||   219
 Cast: Infusion          |    10 |     2 ||    12
       Song of Slaying   |       |     2 ||     2
  Use: Scroll            |       |     6 ||     6
 Stab: Sleeping          |     2 |       ||     2
       Distracted        |       |     1 ||     1
       Paralysed         |       |     1 ||     1
  Eat: Chunk             |     3 |     2 ||     5
Armor: Leather armour    |    17 |     8 ||    25
Dodge: Dodged            |    59 |    33 ||    92

Table legend:
 A = Spawn XP
 B = Non-spawn XP
 C = Spawn XP percentage of total XP
 D = Spawn monster count
 E = Non-spawn monster count
 F = Spawn count percentage of total count
 G = Total turns spent on level
                    A         B        C        D         E        F      G
               +---------+---------+-------+---------+---------+-------+---------
         Total |       0 |     162 |   0.0 |       0 |      50 |   0.0 |  2470
               +---------+---------+-------+---------+---------+-------+---------
           D:1 |       0 |      17 |   0.0 |       0 |      10 |   0.0 |   748
           D:2 |       0 |      66 |   0.0 |       0 |      19 |   0.0 |  1051
           D:3 |       0 |      79 |   0.0 |       0 |      21 |   0.0 |   671
               +---------+---------+-------+---------+---------+-------+---------
